 Dungeon Crawl Stone Soup version 0.21.1-1-g345015f (webtiles) character file.

927 VersusAllOdds the Magician (level 7, -6/40 HPs)
             Began as a Deep Elf Venom Mage on July 21, 2018.
             Was an Initiate of Dithmenos.
             Shot with an arrow by a centaur (12 damage)
             ... on level 6 of the Dungeon.
             The game lasted 00:55:02 (8194 turns).

VersusAllOdds the Magician (Deep Elf Venom Mage)    Turns: 8194, Time: 00:55:03

Health: -6/40      AC:  4    Str:  5    XL:     7   Next: 85%
Magic:  14/17      EV: 15    Int: 29    God:    Dithmenos [......]
Gold:   264        SH:  0    Dex: 15    Spells: 13/17 levels left

rFire    . . .     SeeInvis .   e - +3 hand axe (elec)
rCold    . . .     Gourm    .   (no shield)
rNeg     . . .     Faith    .   a - +0 robe
rPois    .         Spirit   .   s - +2 hat
rElec    .         Reflect  .   (no cloak)
rCorr    .         Harm     .   (no gloves)
MR       .....                  (no boots)
Stlth    +++.......             (no amulet)
HPRegen  0.13/turn              h - +4 ring of intelligence
MPRegen  0.15/turn              v - +3 ring of intelligence

@: no status effects
A: no striking features
a: Renounce Religion


You were on level 6 of the Dungeon.
You worshipped Dithmenos.
Dithmenos was noncommittal.
You were near starving.

You visited 2 branches of the dungeon, and saw 7 of its levels.

You collected 264 gold pieces.

Inventory:

Hand Weapons
 d - a +0 dagger
 e - a +3 hand axe of electrocution (weapon)
 o - a +3 flail
Armour
 a - a +0 robe (worn)
 s - a +2 hat (worn)
Jewellery
 h - a +4 ring of intelligence (left hand)
 m - an uncursed ring of positive energy
 v - a +3 ring of intelligence (right hand)
 B - an uncursed ring of fire
Wands
 C - a wand of acid (6)
Scrolls
 n - a scroll of fog {unknown}
 q - a scroll of amnesia {unknown}
 y - a scroll of blinking {unknown}
Potions
 f - a potion of ambrosia {unknown}
 g - 7 potions of curing {unknown}
 i - a potion of degeneration {unknown}
 j - 2 potions of lignification {unknown}
 k - a potion of magic {unknown}
 l - a potion of resistance {unknown}
 p - a potion of berserk rage {unknown}
 r - a potion of mutation {unknown}
 t - a potion of brilliance {unknown}
 u - a potion of experience {unknown}
 w - 2 potions of haste {unknown}
 x - 3 potions of might {unknown}
 z - 2 potions of heal wounds {unknown}
Books
 b - a Young Poisoner's Handbook

   Spells                             Type                      Level
   a - Sting                          Conjuration/Poison           1
   b - Poisonous Vapours              Poison/Air                   2
   c - Mephitic Cloud                 Conjuration/Poison/Air       3
   d - Olgreb's Toxic Radiance        Poison                       4
   e - Venom Bolt                     Conjuration/Poison           5
Comestibles
 c - 6 rations


   Skills:
 + Level 2.1 Fighting
 + Level 5.0 Dodging
 + Level 5.5 Stealth
 + Level 5.7 Spellcasting
 + Level 4.0 Conjurations
 + Level 5.3 Poison Magic


You had 13 spell levels left.
You knew the following spells:

 Your Spells              Type           Power        Failure   Level  Hunger
a - Sting                 Conj/Pois      ####         1%          1    None
b - Mephitic Cloud        Conj/Pois/Air  ####....     4%          3    None


Dungeon Overview and Level Annotations

Branches:
Dungeon (6/15)             Temple (1/1) D:5

Altars:
Ashenzari
Cheibriados
Dithmenos
Elyvilon
Fedhas
Gozag
Kikubaaqudgha
Nemelex Xobeh
Okawaru
Qazlal
Trog
Vehumet
Wu Jian
Xom
Zin

Shops:
D:4 %

Annotations:
D:3 dscm's ghost, weakling FeFi
D:4 exclusions: door and phantom, Ymberto's ghost, amateur DEWz
D:5 exclusion: phantom
D:6 Menkaure


Message History

Unknown command.
The adder misses you.
Casting: Sting
Confirm with . or Enter, or press ? or * to list all spells.
Aiming: Sting
Press: ? - help, Shift-Dir - straight line, f - centaur, p - adder
Aim: a centaur, wielding a shortbow The sting hits the centaur.
The centaur is moderately wounded.
The centaur shoots an arrow.
The arrow hits you! The adder barely misses you.
The centaur shoots an arrow.
The arrow hits you!
You see here 3 arrows.
You kill the adder!
Dithmenos accepts your kill.
The centaur shoots an arrow.
The arrow hits you!
* * * LOW HITPOINT WARNING * * *
You see here an arrow.
The centaur shoots an arrow.
The arrow barely misses you.
The centaur shoots an arrow.
The arrow hits you!
You die...

#).......
##c.......
#.........
#.(# #.(#
#..# #(.#
#..#
###@.#
#....#
#....#
#.#### #.#
#.###
#[#.##
#....#
#<#.## .#


You could see a centaur.

Vanquished Creatures
  An orc warrior (D:6)
  A black bear (D:6)
  2 ogres (D:5)
  A bullfrog (D:5)
  2 orc priests
  2 hounds
  A centaur skeleton (D:4)
  2 orc wizards (D:6)
  2 iguanas
  3 worker ants
  4 gnolls (D:3)
  7 adders
  A worm (D:2)
  3 dart slugs
  9 leopard geckos
  12 orcs
  4 bats
  3 giant cockroaches (D:3)
  9 goblins
  3 hobgoblins
  2 quokkas
  A ball python (D:2)
  2 frilled lizards (D:2)
  A giant cockroach zombie (D:2)
  7 kobolds
  12 rats
97 creatures vanquished.

Notes
Turn   | Place    | Note
-------+----------+-------------------------------------------
     0 | D:1      | VersusAllOdds the Deep Elf Venom Mage began the quest for the Orb.
     0 | D:1      | Reached XP level 1. HP: 10/10 MP: 6/6
   239 | D:1      | Reached XP level 2. HP: 15/15 MP: 6/8
   871 | D:2      | Reached XP level 3. HP: 19/19 MP: 1/9
  2080 | D:3      | Noticed dscm's ghost (weakling FeFi)
  2242 | D:3      | Noticed a phantom
  2455 | D:3      | Reached XP level 4. HP: 23/24 MP: 2/11
  4047 | D:3      | Learned a level 3 spell: Mephitic Cloud
  4073 | D:3      | Reached XP level 5. HP: 28/28 MP: 8/13
  4846 | D:4      | Found a stormy altar of Qazlal.
  5227 | D:4      | Noticed a phantom
  5469 | D:4      | Noticed Ymberto's ghost (amateur DEWz)
  5512 | D:4      | Found Xaymaughet's Food Emporium.
  5523 | D:4      | Reached XP level 6. HP: 32/33 MP: 14/14
  5590 | D:4      | Found an iron altar of Okawaru.
  5854 | D:5      | Entered Level 5 of the Dungeon
  5926 | D:5      | Reached skill level 1 in Fighting
  6105 | D:5      | Found a staircase to the Ecumenical Temple.
  6113 | Temple   | Entered the Ecumenical Temple
  6388 | Temple   | Became a worshipper of Dithmenos the Shadowed
  6821 | D:5      | Reached skill level 5 in Spellcasting
  6821 | D:5      | Reached XP level 7. HP: 34/38 MP: 9/16
  6935 | D:5      | Reached skill level 5 in Stealth
  6935 | D:5      | Reached skill level 5 in Poison Magic
  7397 | D:6      | Noticed Menkaure
  7607 | D:6      | Reached skill level 5 in Dodging
  7771 | D:6      | HP: 1/40 [something/magic dart (5)]
  8194 | D:6      | Shot with an arrow by a centaur

Skill      XL: |  1  2  3  4  5  6  7 |
---------------+----------------------+-----
Stealth        | 3 4 5 |  5.5
Dodging        | 3 4 5 |  5.0
Conjurations   | 2 3 4 |  4.0
Poison Magic   | 4 5 |  5.3
Spellcasting   | 4 5 |  5.7
Fighting       | 1 2 |  2.1

Action                   |  1- 3 |  4- 6 |  7- 9 || total
-------------------------+-------+-------+-------++-------
Melee: Dagger            |    27 |     3 |       ||    30
       Hand axe          |       |     7 |       ||     7
 Cast: Sting             |    84 |   109 |    50 ||   243
       Mephitic Cloud    |       |       |     4 ||     4
  Use: Scroll            |       |     9 |     1 ||    10
  Eat: Chunk             |     3 |     8 |     2 ||    13
       Ration            |     1 |     1 |       ||     2
Armor: Robe              |    11 |     6 |     4 ||    21
Dodge: Dodged            |    34 |    34 |    17 ||    85
